 Dungeon Crawl Stone Soup version 0.26-a0-651-gb41185065b (webtiles) character file.

Game seed: 12040702578102373633

24322 angryZebra the Thaumaturge (level 12, -6/94 HPs)
             Began as a Pale Draconian Venom Mage on Sept 29, 2020.
             Was the Champion of Kikubaaqudgha.
             Mangled by an orc warrior
             ... wielding a +0 morningstar
              (25 damage)
             ... on level 2 of the Orcish Mines.
             The game lasted 01:12:37 (14994 turns).

angryZebra the Thaumaturge (DrVM)                  Turns: 14994, Time: 01:12:37

Health: -6/94      AC:  8    Str: 10    XL:     12   Next: 79%
Magic:  17/44      EV: 15    Int: 21    God:    Kikubaaqudgha [******]
Gold:   1420       SH:  0    Dex: 12    Spells: 15/31 levels left

rFire    . . .     SeeInvis .   A - staff of poison
rCold    . . .     Faith    .   (no shield)
rNeg     . . .     Spirit   .   (armour unavailable)
rPois    +         Reflect  .   (helmet restricted)
rElec    .         Harm     .   (no cloak)
rCorr    .         Rampage  .   (no gloves)
MR       .....                  (no boots)
Stlth    +++.......             g - amulet of magic regeneration
HPRegen  0.25/turn              J - ring of magical power
MPRegen  0.54/turn              n - ring of magical power

@: no status effects
A: breathe steam, unfitting armour, cold-blooded, AC +8
a: Breathe Steam, Receive Corpses, Torment, Renounce Religion


You were on level 2 of the Orcish Mines.
You worshipped Kikubaaqudgha.
Kikubaaqudgha was exalted by your worship.
You visited 2 branches of the dungeon, and saw 12 of its levels.

You collected 1420 gold pieces.

Inventory:

Hand Weapons
 p - a +3 dire flail
 H - a +4 flail of draining
 I - a +1 shortbow
 L - a +0 vampiric whip
 Q - a +3 quarterstaff
Missiles
 f - 127 arrows
 i - 12 poisoned darts
 j - 142 bolts
 q - 9 silver javelins (quivered)
 U - 5 datura-tipped darts
Magical Staves
 A - an uncursed staff of poison (weapon)
Jewellery
 a - an uncursed ring of fire
 e - an uncursed ring of flight
 g - an amulet of magic regeneration (around neck)
 k - an uncursed ring of poison resistance
 n - a ring of magical power (right hand)
 D - a +6 ring of dexterity
 J - a ring of magical power (left hand)
 M - an uncursed ring of stealth
Wands
 C - a wand of flame (33)
 F - a wand of digging (16)
 K - a wand of enslavement (8)
Scrolls
 b - 2 scrolls of identify
 l - 9 scrolls of teleportation
 o - 6 scrolls of amnesia
 u - 5 scrolls of enchant armour
 v - 2 scrolls of magic mapping
 w - 3 scrolls of fear
 x - a scroll of blinking
 N - a scroll of torment
 O - 3 scrolls of enchant weapon
 P - a scroll of immolation
 S - a scroll of fog
 Y - 3 scrolls of remove curse
Potions
 c - a potion of heal wounds
 d - 4 potions of curing
 h - a potion of cancellation
 m - 5 potions of degeneration
 s - a potion of mutation {unknown}
 t - 2 potions of ambrosia {unknown}
 z - a potion of berserk rage
 B - a potion of stabbing
 E - a potion of resistance
 G - a potion of brilliance
 W - a potion of flight {unknown}


   Skills:
 + Level 5.4 Fighting
 + Level 6.8(7.5) Maces & Flails
 + Level 4.7(6.5) Staves
   Level 2.1(2.2) Slings
 + Level 1.2(1.8) Throwing
 + Level 6.0 Dodging
 + Level 4.4 Stealth
 + Level 10.3 Spellcasting
 + Level 0.5 Necromancy
 + Level 6.2 Transmutations
 + Level 4.9 Fire Magic
 + Level 6.5 Air Magic
 + Level 10.3 Poison Magic


You had 15 spell levels left.
You knew the following spells:

 Your Spells              Type           Power        Failure   Level
a - Sting                 Tmut/Pois      ####         1%          1
b - Poisonous Vapours     Pois/Air       ######       1%          2
c - Ignite Poison         Fire/Tmut/Pois ######..     1%          3
d - Animate Skeleton      Necr           ##....       4%          1
e - Pain                  Necr           ##..         4%          1
f - Olgreb's Toxic Radia  Pois           ######..     1%          4
g - Animate Dead          Necr           ##........   45%         4

Your spell library contained the following spells:

 Spells                   Type           Power        Failure   Level
 Mephitic Cloud           Conj/Pois/Air  ######..     1%          3
 Sublimation of Blood     Necr           ##........   8%          2
 Vampiric Draining        Necr           ##........   16%         3
 Dispel Undead            Necr           ##......     45%         4
 Excruciating Wounds      Necr           ##........   80%         5
 Borgnjor's Vile Clutch   Necr/Erth      ##........   83%         5
 Death Channel            Necr           ##........   100%        6


Dungeon Overview and Level Annotations

Branches:
Dungeon (10/15)            Temple (0/1) D:5            Lair (0/6) D:9
    Orc (2/2) D:9             Elf (0/3) Orc:2

Altars:
Ashenzari
Cheibriados
Fedhas
Hepliaklqana
Kikubaaqudgha
Okawaru
Ru
Sif Muna
Trog
Vehumet
Zin

Shops:
D:7 (


Innate Abilities, Weirdness & Mutations

You can breathe blasts of scalding, opaque steam.
Your pale cyan-grey scales are hard. (AC +8)
You cannot fit into any form of body armour.
You are cold-blooded and may be slowed by cold attacks.


Message History

Aim: an orc warrior, wielding a +0 scimitar and wearing a +0 plate armour (almost dead, strong)
You feel a surge of power!
Poisonous vapours surround the orc warrior!
The orc warrior is engulfed in poison gas.
The orc warrior is poisoned.
You kill the orc warrior!
Kikubaaqudgha accepts your kill.
Kikubaaqudgha will grant you a Necronomicon or bloody your weapon with pain... once.
This spell is dangerous to cast!
Memorise Animate Dead, consuming 4 spell levels and leaving 15?
You have got your breath back.
You start memorising the spell.
You continue memorising. x4
The orc warrior shouts!
You finish memorising.
Spell assigned to 'g'.
Do you wish to receive a Necronomicon?
You see here a Necronomicon.
Kikubaaqudgha grants you a gift!
The orc warrior hits you with a +0 morningstar!!
You die...
Kikubaaqudgha rasps: "You have failed me!
Welcome... death!"

...................[....
.......................#
.......................#
......................##
.....................###
....................####
......).)......#...####.
.......))......#..## #..
######)@)#######...####.
##.).o.[.## .##.#..
#..#)).#).# ##.....
#....)...)# ##......
#...#.).#.))# #.......
#........)..# ##......
#....#.).#....# ##.....
#.............# ##....
#....#.ยง.#....# ##...


You could see an orc warrior (strong).

Vanquished Creatures
  3 orc warlords
  2 ettins (Orc:2)
  A two-headed ogre (D:8)
  2 orc high priests (Orc:2)
  Urug (D:10)
  4 orc knights (Orc:2)
  A deep elf archer (Orc:2)
  An orc sorcerer (Orc:2)
  5 deep elf magi (Orc:2)
  An elephant (D:9)
  5 trolls
  Grinder (D:3)
  2 hippogriffs
  A wraith (D:10)
  A yak (D:10)
  2 basilisks (D:9)
  Grum (D:10)
  4 wargs
  Edmund (D:6)
  Duvessa (D:5)
  2 ice beasts
  2 phantoms
  A sky beast (D:9)
  30 orc warriors
  9 ogres
  An eye of draining (D:10)
  2 centaurs
  3 wolves (D:10)
  2 big kobolds
  Blork the orc (D:5)
  5 bullfrogs
  Dowan (D:5)
  A water moccasin zombie (D:5)
  A scorpion (D:9)
  3 killer bees (D:8)
  4 howler monkeys
  An electric eel (D:9)
  11 wights
  2 bullfrog zombies
  3 centaur zombies
  6 hounds
  16 orc wizards
  20 orc priests
  3 jellies
  2 centaur skeletons
  4 iguanas
  5 worker ants
  3 hound skeletons
  Robin (D:3)
  4 gnolls (D:2)
  A howler monkey skeleton (D:6)
  13 adders
  2 shadow imps
  2 white imps
  6 ufetubi
  An ooze (D:3)
  An adder skeleton (D:9)
  A worm (D:3)
  2 dart slugs (D:3)
  6 leopard geckos
  65 orcs
  14 giant cockroaches
  14 goblins
  9 hobgoblins
  9 jackals
  18 kobolds
  4 quokkas
  10 bats
  9 frilled lizards
  A jackal skeleton (D:6)
  A quokka skeleton (D:4)
  11 rats
389 creatures vanquished.

Vanquished Creatures (others)
  A goblin (D:3)
  5 plants (D:3)
  6 withered plants (D:3)
12 creatures vanquished.

Grand Total: 401 creatures vanquished

Notes
Turn   | Place    | Note
-------+----------+-------------------------------------------
     0 | D:1      | angryZebra the Draconian Venom Mage began the quest for the
                  | Orb.
     0 | D:1      | Reached XP level 1. HP: 14/14 MP: 3/3
   438 | D:1      | Reached XP level 2. HP: 22/22 MP: 5/5
   442 | D:1      | Learned a level 2 spell: Poisonous Vapours
  1196 | D:2      | Reached skill level 1 in Slings
  1203 | D:2      | Reached skill level 1 in Fighting
  1278 | D:2      | Reached XP level 3. HP: 28/28 MP: 6/6
  1326 | D:2      | Learned a level 3 spell: Ignite Poison
  1670 | D:2      | Reached XP level 4. HP: 36/36 MP: 7/7
  2371 | D:3      | Found a blossoming altar of Fedhas.
  2385 | D:3      | Reached skill level 1 in Maces & Flails
  2416 | D:3      | Reached XP level 5. HP: 16/41 MP: 8/8
  2453 | D:3      | Found an ancient bone altar of Kikubaaqudgha.
  2474 | D:3      | Became a worshipper of Kikubaaqudgha
  2882 | D:3      | Noticed Grinder
  2894 | D:3      | Noticed Robin
  2898 | D:3      | Killed Robin
  2902 | D:3      | Reached * piety under Kikubaaqudgha
  2902 | D:3      | Identified Kikubaaqudgha's Catalogue of Darkness
                  | (Kikubaaqudgha gifted it to you on level 3 of the Dungeon)
  2902 | D:3      | Received a gift from Kikubaaqudgha
  2924 | D:3      | Reached skill level 1 in Air Magic
  3144 | D:3      | Reached XP level 6. HP: 48/49 MP: 9/9
  3323 | D:3      | Killed Grinder
  3323 | D:3      | Reached skill level 1 in Staves
  3552 | D:3      | Learned a level 1 spell: Animate Skeleton
  3607 | D:3      | Found a shimmering blue altar of Sif Muna.
  3907 | D:4      | Your scales start taking on a pale cyan-grey colour.
  3907 | D:4      | Reached XP level 7. HP: 53/56 MP: 11/11
  4046 | D:4      | Reached ** piety under Kikubaaqudgha
  4112 | D:4      | Found a broken altar of Ashenzari.
  4128 | D:4      | Found a bloodstained altar of Trog.
  4833 | D:5      | Entered Level 5 of the Dungeon
  4963 | D:5      | Found a snail-covered altar of Cheibriados.
  5033 | D:5      | Noticed Duvessa
  5035 | D:5      | Noticed Dowan
  5038 | D:5      | Killed Duvessa
  5038 | D:5      | Reached XP level 8. HP: 62/62 MP: 11/13
  5038 | D:5      | Killed Dowan
  5038 | D:5      | Reached skill level 1 in Fire Magic
  5082 | D:5      | Found a staircase to the Ecumenical Temple.
  5130 | D:5      | Reached skill level 1 in Throwing
  5140 | D:5      | Noticed Blork the orc
  5145 | D:5      | Killed Blork the orc
  5944 | D:6      | Reached skill level 5 in Poison Magic
  5972 | D:6      | Learned a level 1 spell: Pain
  5977 | D:6      | Learned a level 4 spell: Olgreb's Toxic Radiance
  6778 | D:7      | Noticed a hippogriff
  6783 | D:7      | Killed a hippogriff
  6783 | D:7      | Reached XP level 9. HP: 28/71 MP: 15/15
  6935 | D:7      | Reached *** piety under Kikubaaqudgha
  6935 | D:7      | Identified Kikubaaqudgha's Tome of Darkness (Kikubaaqudgha
                  | gifted it to you on level 7 of the Dungeon)
  6935 | D:7      | Received a gift from Kikubaaqudgha
  7626 | D:6      | Noticed Edmund
  7637 | D:6      | Killed Edmund
  7691 | D:6      | Found a radiant altar of Vehumet.
  8049 | D:7      | Found Bekhasm's Antique Weapon Shoppe.
  8207 | D:7      | HP: 3/71 [wight/+3 mace of freezing (1)]
  9265 | D:8      | Reached skill level 5 in Spellcasting
  9308 | D:8      | Reached skill level 5 in Maces & Flails
 10080 | D:8      | Found a sacrificial altar of Ru.
 10507 | D:8      | Noticed a two-headed ogre
 10511 | D:8      | Killed a two-headed ogre
 10511 | D:8      | Reached XP level 10. HP: 79/79 MP: 18/18
 10914 | D:8      | Found a hazy altar of Hepliaklqana.
 10988 | D:9      | Found a staircase to the Orcish Mines.
 10999 | D:9      | Reached **** piety under Kikubaaqudgha
 11289 | D:9      | Found a glowing silver altar of Zin.
 11755 | D:9      | Found a staircase to the Lair.
 11755 | D:9      | Noticed an elephant
 11772 | D:9      | Killed an elephant
 12054 | D:9      | You fall into a shaft and drop 1 floor!
 12054 | D:10     | Entered Level 10 of the Dungeon
 12071 | D:10     | Reached skill level 5 in Air Magic
 12095 | D:10     | Noticed Grum
 12107 | D:10     | Killed Grum
 12300 | D:10     | Reached skill level 5 in Dodging
 12305 | D:10     | Noticed Urug
 12317 | D:10     | Killed Urug
 12385 | D:10     | Reached XP level 11. HP: 43/85 MP: 21/21
 12422 | D:10     | Identified the +4 ring mail "Obry" {Str+2}
 13054 | D:9      | Found an iron altar of Okawaru.
 13103 | Orc:1    | Entered Level 1 of the Orcish Mines
 13143 | Orc:1    | Noticed an orc warlord
 13147 | Orc:1    | Reached ***** piety under Kikubaaqudgha
 13151 | Orc:1    | Killed an orc warlord
 13151 | Orc:1    | Reached skill level 5 in Fighting
 13661 | Orc:2    | Entered Level 2 of the Orcish Mines
 13669 | Orc:2    | Noticed an orc knight
 13669 | Orc:2    | Noticed an orc warlord
 13674 | Orc:2    | Killed an orc knight
 13678 | Orc:2    | Killed an orc warlord
 13680 | Orc:2    | Reached skill level 5 in Transmutations
 13683 | Orc:2    | Noticed a deep elf mage
 13685 | Orc:2    | Noticed a deep elf mage
 13685 | Orc:2    | Noticed a deep elf archer
 13686 | Orc:2    | Noticed a deep elf mage
 13693 | Orc:2    | Killed a deep elf mage
 13693 | Orc:2    | Killed a deep elf archer
 13695 | Orc:2    | Noticed a deep elf mage
 13696 | Orc:2    | Killed a deep elf mage
 13696 | Orc:2    | Reached XP level 12. HP: 47/94 MP: 4/24
 13702 | Orc:2    | Found a staircase to the Elven Halls.
 14256 | Orc:2    | Noticed an orc warlord
 14256 | Orc:2    | Noticed an ettin
 14257 | Orc:2    | Noticed an ettin
 14265 | Orc:2    | Killed an orc warlord
 14273 | Orc:2    | Killed an ettin
 14277 | Orc:2    | Killed an ettin
 14627 | Orc:2    | Noticed an orc high priest
 14634 | Orc:2    | Killed an orc high priest
 14966 | Orc:2    | Reached skill level 10 in Spellcasting
 14966 | Orc:2    | Reached skill level 10 in Poison Magic
 14975 | Orc:2    | Noticed an orc high priest
 14984 | Orc:2    | Killed an orc high priest
 14988 | Orc:2    | Reached ****** piety under Kikubaaqudgha
 14994 | Orc:2    | Learned a level 4 spell: Animate Dead
 14994 | Orc:2    | Received a gift from Kikubaaqudgha
 14994 | Orc:2    | Mangled by an orc warrior

Illustrated notes

Levels and vault maps discovered:
D:1:      dpeg_arrival_pond, layout_loops_corners
D:2:      minmay_evil_eye, layout_basic
D:3:      minmay_general_purpose_star, layout_basic,
          grunt_temple_overflow_growth_and_decay, lemuel_blue_sif_altar,
          gup_sewer_entry_bubbles, minmay_checkerbox, uniq_grinder, uniq_robin
D:4:      layout_basic, kennysheep_little_box, ashenzari_altar_1
D:5:      layout_basic, lemuel_doored_altar, minmay_temple_entry_wispy,
          uniq_duvessa, uniq_blork_the_orc
D:6:      layout_loops_ring, kennysheep_mini_moat,
          chequers_serial_rivers_small_3, kennysheep_nondescript,
          minmay_increasing_density, uniq_edmund
D:7:      layout_basic, serial_shops, nicolae_shop_behind_doors
D:8:      layout_loops_corners, lemuel_coloured_pillars_altar,
          hangedman_ru_absence
D:9:      statuecave_lemuel, layout_small_grid, marbit_many_paths,
          old_standard_altar, david_lair_generic, orc_david_3
D:10:     layout_rooms, basic_altar, minmay_fractal_squares_gapless_7,
          uniq_urug, uniq_grum
Orc:1:    layout_caves, uniq_nergalle
Orc:2:    st_orc_pillars, layout_diamond_mine, elf_legates

Skill      XL: |  1  2  3  4  5  6  7  8  9 10 11 12 |
---------------+-------------------------------------+-----
Dodging        | 2 3 4 5 6 |  6.0
Slings         | 1 2 |  2.1
Fighting       | 1 2 3 4 5 |  5.4
Maces & Flails | 1 2 3 5 6 |  6.8
Stealth        | 2 3 4 |  4.4
Air Magic      | 1 2 3 4 5 6 |  6.5
Staves         | 1 2 3 4 |  4.7
Spellcasting   | 3 4 5 7 8 10 | 10.3
Poison Magic   | 4 6 7 9 10 | 10.3
Fire Magic     | 1 2 3 4 |  4.9
Throwing       | 1 |  1.2
Transmutations | 2 3 5 6 |  6.2
Necromancy     | |  0.5

Action                   |  1- 3 |  4- 6 |  7- 9 | 10-12 || total
-------------------------+-------+-------+-------+-------++-------
Melee: Mace              |    54 |    74 |       |       ||   128
       Tailslap          |     3 |    15 |    25 |    30 ||    73
       Morningstar       |       |    53 |    27 |       ||    80
       Staff             |       |    83 |   188 |    96 ||   367
       Whip              |       |       |    37 |       ||    37
       Flail             |       |       |    52 |    75 ||   127
       Dire flail        |       |       |    43 |     8 ||    51
 Fire: Hunting sling     |    52 |       |       |       ||    52
Throw: Javelin           |     1 |     2 |    12 |       ||    15
 Cast: Sting             |     7 |    15 |    15 |    16 ||    53
       Poisonous Vapours |     3 |    23 |    79 |    54 ||   159
       Ignite Poison     |       |     2 |    16 |    64 ||    82
       Olgreb's Toxic Ra |       |       |     5 |    40 ||    45
       Pain              |       |       |       |     3 ||     3
Invok: Receive Necronomi |       |       |       |     1 ||     1
 Abil: Breathe Steam     |       |       |     2 |     2 ||     4
  Use: Scroll            |     1 |       |    12 |     7 ||    20
       Potion            |       |       |    13 |     2 ||    15
 Stab: Sleeping          |       |     1 |     5 |     2 ||     8
       Distracted        |       |     1 |       |       ||     1
Armor: Skin              |    26 |    93 |   130 |    44 ||   293
Dodge: Dodged            |    58 |   192 |   268 |   189 ||   707

Table legend: (Time is in decaauts)
 A = Elapsed time spent in this place.
 B = Non-inter-level travel time spent in this place.
 C = Inter-level travel time spent in this place.
 D = Time resting spent in this place.
 E = Time spent auto-exploring this place.
 F = Levels seen in this place.
 G = Mean time per level.
                   A        B        C        D        E       F      G
               +--------+--------+--------+--------+--------+-----+--------+
         Total |  15160 |  15160 |      0 |   2540 |   8968 |  12 | 1263.3 |
       Dungeon |  13272 |  13272 |      0 |   1709 |   8345 |  10 | 1327.2 |
  Orcish Mines |   1888 |   1888 |      0 |    831 |    623 |   2 |  944.0 |
               +--------+--------+--------+--------+--------+-----+--------+

Top non-repeatable levels by time:
     D:8: 2095 daAuts
     D:7: 1705 daAuts
     D:3: 1641 daAuts
     D:9: 1449 daAuts
     D:6: 1241 daAuts
     D:1: 1199 daAuts
   Orc:2: 1130 daAuts
     D:5: 1122 daAuts
     D:2: 1110 daAuts
     D:4: 986 daAuts
   Orc:1: 758 daAuts
    D:10: 721 daAuts
